 Dungeon Crawl Stone Soup version 0.22-a0-280-g69bf1f3 (webtiles) character file.

235 galech the Ruffian (level 5, -4/54 HPs)
             Began as a Troll Monk on Mar 16, 2018.
             Slain by Grinder (7 damage)
             ... on level 3 of the Dungeon.
             The game lasted 00:02:12 (1503 turns).

galech the Ruffian (Troll Monk)                     Turns: 1503, Time: 00:02:13

Health: -4/54      AC:  5    Str: 20    XL:     5   Next: 76%
Magic:  4/4        EV: 11    Int:  6    God:
Gold:   81         SH:  0    Dex: 12    Spells: 4/4 levels left

rFire    . . .     SeeInvis .     - Unarmed
rCold    . . .     Gourm    +   (no shield)
rNeg     . . .     Faith    .   a - +0 robe
rPois    .         Spirit   .   (helmet restricted)
rElec    .         Reflect  .   (no cloak)
rCorr    .         Harm     .   (gloves unavailable)
MR       .....                  (boots unavailable)
Stlth    ++........             (no amulet)
HPRegen  0.58/turn              (no ring)
MPRegen  0.09/turn              (no ring)

@: no status effects
A: large, unfitting armour, claws 3, fast metabolism 3, gourmand, regeneration
1, shaggy fur 1, tough skin 2
a: no special abilities


You were on level 3 of the Dungeon.
You were completely stuffed.

You visited 1 branch of the dungeon, and saw 3 of its levels.

You collected 81 gold pieces.

Inventory:

Armour
 a - a +0 robe (worn)
Scrolls
 c - 5 scrolls of identify {unknown}
 d - 2 scrolls of immolation {unknown}
 e - 3 scrolls of teleportation {unknown}
 i - a scroll of remove curse {unknown}
 m - a scroll of fear {unknown}
 n - a scroll of magic mapping {unknown}
Potions
 f - a potion of might {unknown}
 g - a potion of ambrosia {unknown}
 h - a potion of cancellation {unknown}
 j - a potion of experience {unknown}
 l - a potion of heal wounds {unknown}
Comestibles
 b - 5 rations
 k - 9 chunks of flesh


   Skills:
 + Level 3.6 Fighting
 + Level 3.6 Dodging
 - Level 1.0 Stealth
 + Level 4.5 Unarmed Combat


You had 4 spell levels left.
You didn't know any spells.

Dungeon Overview and Level Annotations

Branches:
Dungeon (3/15)

Altars:
Nemelex Xobeh

Annotations:
D:3 Grinder


Innate Abilities, Weirdness & Mutations

You are too large for most types of armour.
You have claws for hands.
Your metabolism is lightning-fast.
You like to eat raw meat.
Your natural rate of healing is unusually fast.
You are covered in fur. (AC +1)
You have very tough skin. (AC +2)


Message History

Grinder hits you but does no damage.
You scratch Grinder.
Grinder is heavily wounded.
Grinder gestures at you. Pain shoots through your body!
* * * LOW HITPOINT WARNING * * *
You claw Grinder!
Grinder is severely wounded.
Grinder hits you but does no damage.
You barely miss Grinder. Your claw misses Grinder.
Grinder is severely wounded.
You barely miss Grinder.
Grinder is severely wounded.
Grinder gestures at you. Pain shoots through your body!
* * * LOW HITPOINT WARNING * * *
You scratch Grinder.
Grinder is almost dead.
Grinder hits you!
You die...

........# #.# ..#.#.#...
#.. ###.#....# ##### ###
#.####.# ....#
###.####.### ....#
...........# ....###
........##.# .......
........##.######5......
................@....#
........#####.###....#
...)....# #..# ....#
........# ##..#....#
........# #.######
..[.....# .. ........#
... ######### ...


You could see Grinder.

Vanquished Creatures
  Sigmund (D:3)
  An adder (D:2)
  3 gnolls (D:3)
  An ooze (D:3)
  A worm (D:2)
  3 dart slugs
  2 leopard geckos
  3 giant cockroaches
  4 goblins
  4 hobgoblins
  4 jackals (D:2)
  3 kobolds
  2 bats (D:1)
  4 frilled lizards
  3 rats
39 creatures vanquished.

Notes
Turn   | Place    | Note
-------+----------+-------------------------------------------
     0 | D:1      | galech the Troll Monk began the quest for the Orb.
     0 | D:1      | Reached XP level 1. HP: 22/22 MP: 0/0
   269 | D:1      | Reached XP level 2. HP: 29/29 MP: 1/1
   795 | D:2      | Reached XP level 3. HP: 33/36 MP: 2/2
   954 | D:2      | Found a sparkling altar of Nemelex Xobeh.
  1370 | D:3      | Reached XP level 4. HP: 27/45 MP: 3/3
  1451 | D:3      | Noticed Sigmund
  1465 | D:3      | Killed Sigmund
  1465 | D:3      | Reached skill level 4 in Unarmed Combat
  1465 | D:3      | Reached XP level 5. HP: 46/54 MP: 4/4
  1484 | D:3      | Noticed Grinder
  1503 | D:3      | Slain by Grinder

Vault maps used:
D:1:      minmay_arrival_shattered_statue
D:2:      lemuel_statue_altar
D:3:      uniq_grinder, uniq_sigmund, uniq_crazy_yiuf_cottage

Skill      XL: |  1  2  3  4 |
---------------+-------------+-----
Fighting       | 3 |  3.6
Dodging        | 3 |  3.6
Unarmed Combat | 4 |  4.5
Stealth        | |  1.0

Action                   |  1- 3 |  4- 6 || total
-------------------------+-------+-------++-------
Melee: Unarmed           |   105 |    32 ||   137
       Punch             |     2 |       ||     2
 Stab: Sleeping          |     2 |       ||     2
  Eat: Chunk             |    17 |     2 ||    19
Armor: Robe              |    36 |     4 ||    40
Dodge: Dodged            |    75 |    14 ||    89

Table legend:
 A = Spawn XP
 B = Non-spawn XP
 C = Spawn XP percentage of total XP
 D = Spawn monster count
 E = Non-spawn monster count
 F = Spawn count percentage of total count
 G = Total turns spent on level
                    A         B        C        D         E        F      G
               +---------+---------+-------+---------+---------+-------+---------
         Total |       0 |     337 |   0.0 |       0 |      39 |   0.0 |  1503
               +---------+---------+-------+---------+---------+-------+---------
           D:1 |       0 |      16 |   0.0 |       0 |       7 |   0.0 |   641
           D:2 |       0 |      58 |   0.0 |       0 |      23 |   0.0 |   686
           D:3 |       0 |     263 |   0.0 |       0 |       9 |   0.0 |   176
               +---------+---------+-------+---------+---------+-------+---------
